 Dungeon Crawl Stone Soup version 0.22-a0-293-gc9362ec4a2 (webtiles) character file.

98 Execuda the Poker (level 4, -2/41 HPs)
             Began as a Minotaur Monk on Mar 24, 2018.
             Slain by Terence
             ... wielding a +3 falchion of freezing
              (3 damage)
             ... on level 1 of the Dungeon.
             The game lasted 00:01:06 (1956 turns).

Execuda the Poker (Minotaur Monk)                   Turns: 1956, Time: 00:01:07

Health: -2/41      AC:  2    Str: 16    XL:     4   Next: 44%
Magic:  3/3        EV: 13    Int:  7    God:
Gold:   57         SH:  0    Dex: 13    Spells: 3/3 levels left

rFire    . . .     SeeInvis .   a - +0 spear
rCold    . . .     Gourm    .   (no shield)
rNeg     . . .     Faith    .   b - +0 robe
rPois    .         Spirit   .   (helmet restricted)
rElec    .         Reflect  .   (no cloak)
rCorr    .         Harm     .   (no gloves)
MR       .....                  (no boots)
Stlth    ++........             (no amulet)
HPRegen  0.13/turn              (no ring)
MPRegen  0.08/turn              (no ring)

@: no status effects
A: retaliatory headbutt, horns 2
a: no special abilities


You were on level 1 of the Dungeon.
You were not hungry.

You visited 1 branch of the dungeon, and saw 2 of its levels.

You collected 57 gold pieces.

Inventory:

Hand Weapons
 a - a +0 spear (weapon)
Armour
 b - a +0 robe (worn)
Scrolls
 e - 3 scrolls of remove curse {unknown}
 g - 5 scrolls of identify {unknown}
 h - a scroll of blinking {unknown}
 i - a scroll of magic mapping {unknown}
 l - a scroll of fear {unknown}
 m - a scroll of teleportation {unknown}
 n - a scroll of enchant armour {unknown}
 q - 3 scrolls of immolation {unknown}
Potions
 f - a potion of resistance {unknown}
 j - a potion of curing {unknown}
 k - a potion of heal wounds {unknown}
 o - a potion of agility {unknown}
 p - a potion of degeneration {unknown}
Comestibles
 c - 4 rations


   Skills:
 + Level 4.7 Fighting
 * Level 5.6 Polearms
 - Level 3.2 Dodging
 - Level 1.5 Stealth


You had 3 spell levels left.
You didn't know any spells.

Dungeon Overview and Level Annotations

Branches:
Dungeon (2/15)

Altars:
Sif Muna
Trog

Annotations:
D:1 Terence


Innate Abilities, Weirdness & Mutations

You reflexively headbutt those who attack you in melee.
You have a pair of horns on your head.


Message History

You are too injured to fight recklessly!
You are too injured to fight recklessly!
You are too injured to fight recklessly!
You barely miss Terence.
Terence is severely wounded.
Terence closely misses you.
You hit Terence.
Terence is almost dead.
You hit Terence but do no damage. Your headbutt misses Terence.
Terence is almost dead.
Terence hits you with a falchion of freezing.
* * * LOW HITPOINT WARNING * * *
Terence freezes you.
* * * LOW HITPOINT WARNING * * *
You hit Terence but do no damage. Your headbutt misses Terence.
Terence is almost dead.
Terence hits you with a falchion of freezing.
* * * LOW HITPOINT WARNING * * *
Terence freezes you.
You die...

### ### #.# #.# #.##########.#
####################.............
...............@@.##.#######....#
#################.##.#######.####
########## #.................#
.........# ##.###.##.###########
.........####.#....#.##........#
...................#.##.######.#
.......######.#....#.##.# #.#
....#...# #.#.#....#.##.# #.#
....#...###.#)#.......#.# #.#


You could see Terence.

Vanquished Creatures
  A gnoll (D:1)
  3 adders (D:2)
  An ooze (D:2)
  2 leopard geckos
  5 giant cockroaches
  9 goblins
  4 hobgoblins
  6 jackals
  4 kobolds
  2 quokkas (D:2)
  5 bats (D:1)
  3 frilled lizards (D:1)
  8 rats
53 creatures vanquished.

Notes
Turn   | Place    | Note
-------+----------+-------------------------------------------
     0 | D:1      | Execuda the Minotaur Monk began the quest for the Orb.
     0 | D:1      | Reached XP level 1. HP: 19/19 MP: 0/0
   119 | D:1      | Reached skill level 4 in Polearms
   124 | D:1      | Reached XP level 2. HP: 27/27 MP: 1/1
   279 | D:1      | Reached XP level 3. HP: 33/33 MP: 2/2
   971 | D:2      | Reached skill level 5 in Polearms
  1103 | D:2      | Reached XP level 4. HP: 34/41 MP: 3/3
  1433 | D:2      | Found a deep blue altar of Sif Muna.
  1723 | D:2      | Noticed Terence
  1724 | D:2      | Found a bloodstained altar of Trog.
  1956 | D:1      | HP: 1/41 [Terence/falchion of freezing (6)]
  1956 | D:1      | Slain by Terence

Vault maps used:
D:1:      erik_arrival_cave_to_civilisation
D:2:      lemuel_blue_sif_altar, old_standard_altar, st_stairs_8, uniq_terence

Skill      XL: |  1  2  3 |
---------------+----------+-----
Polearms       | 4 5 |  5.6
Fighting       | 4 |  4.7
Dodging        | |  3.2
Stealth        | |  1.5

Action                   |  1- 3 |  4- 6 || total
-------------------------+-------+-------++-------
Melee: Spear             |   105 |    46 ||   151
       Headbutt          |     9 |     9 ||    18
 Stab: Sleeping          |     3 |       ||     3
  Eat: Chunk             |     1 |     2 ||     3
Armor: Robe              |    12 |     3 ||    15
Dodge: Dodged            |    50 |    22 ||    72

Table legend:
 A = Spawn XP
 B = Non-spawn XP
 C = Spawn XP percentage of total XP
 D = Spawn monster count
 E = Non-spawn monster count
 F = Spawn count percentage of total count
 G = Total turns spent on level
                    A         B        C        D         E        F      G
               +---------+---------+-------+---------+---------+-------+---------
         Total |       0 |     141 |   0.0 |       0 |      53 |   0.0 |  1956
               +---------+---------+-------+---------+---------+-------+---------
           D:1 |       0 |      64 |   0.0 |       0 |      32 |   0.0 |  1121
           D:2 |       0 |      77 |   0.0 |       0 |      21 |   0.0 |   835
               +---------+---------+-------+---------+---------+-------+---------
